 Dungeon Crawl Stone Soup version 0.28-a0-1429-gf3d713df7a (webtiles) character file.

Game seed: 8841726697602401123

59 zap2161 the Bolt Thrower (level 4, 27/27 HPs)
             Began as a Kobold Hunter on Jan 8, 2022.
             Was a Believer of Lugonu.
             Quit the game on level 2 of the Dungeon.
             The game lasted 00:13:03 (2359 turns).

zap2161 the Bolt Thrower (Kobold Hunter)            Turns: 2359, Time: 00:13:04

Health: 27/27      AC:  3    Str:  9    XL:     4   Next: 22%
Magic:  4/4        EV: 15    Int: 12    God:    Lugonu [**....]
Gold:   89         SH:  0    Dex: 17    Spells: 3/3 levels left

rFire   . . .      SeeInvis .   a - +1 hand crossbow
rCold   . . .      Faith    .   (no shield)
rNeg    . . .      Spirit   .   c - +0 leather armour
rPois   .          Reflect  .   (no helmet)
rElec   .          Harm     .   (no cloak)
rCorr   .          Rampage  .   (no gloves)
Will    .....                   (no boots)
Stlth   +++.......              (no amulet)
HPRegen 0.09/turn               (no ring)
MPRegen 0.09/turn               (no ring)

@: no status effects
A: small, no large weapons, nightstalker 3
a: Renounce Religion, Depart the Abyss, Bend Space


You were on level 2 of the Dungeon.
You worshipped Lugonu.
Lugonu was pleased with you.
You visited 1 branch of the dungeon, and saw 2 of its levels.

You collected 89 gold pieces.

Inventory:

Hand Weapons
 a - a +1 hand crossbow (weapon)
 b - a +0 short sword
Missiles
 d - 15 bolts (quivered ammo)
 j - 5 boomerangs
 k - 15 poisoned darts
Armour
 c - a +0 leather armour (worn)
Jewellery
 h - an amulet of guardian spirit
Scrolls
 e - a scroll of teleportation {unknown}
 f - a scroll of vulnerability {unknown}
 g - 3 scrolls of identify {unknown}
 i - a scroll of magic mapping {unknown}
 l - a scroll of noise {unknown}
Potions
 m - a potion of heal wounds {unknown}


   Skills:
 + Level 2.5 Fighting
 + Level 1.4 Short Blades
 * Level 5.3 Crossbows
 + Level 0.0 Throwing
 * Level 3.2 Dodging
 * Level 2.8 Stealth


You had 3 spell levels left.
You didn't know any spells.
Your spell library contained the following spells:

 Spells                   Type           Power      Damage    Failure   Level
 Magic Dart               Conj           0%         1d3       43%         1
 Call Imp                 Summ           0%         N/A       56%         2
 Sublimation of Blood     Necr           0%         N/A       56%         2
 Mephitic Cloud           Conj/Pois/Air  0%         N/A       80%         3
 Petrify                  Tmut/Erth      0%         N/A       99%         4
 Irradiate                Conj/Tmut      0%         3d14      100%        5


Dungeon Overview and Level Annotations

Branches:
Dungeon (2/15)

Altars:
Lugonu

Shops:
D:2 =


Innate Abilities, Weirdness & Mutations

You are small and have problems with some larger weapons.
You are completely attuned to the shadows.


Message History

d - 16 bolts (gained 2)
Found a stone staircase leading up.
Found 21 stones.
A hobgoblin comes into view.
Throw: 5 boomerangs
Press: ? - help, Shift-Dir - straight line, f - hobgoblin
Aim: a hobgoblin (asleep, 98% to hit)
You throw a boomerang. The boomerang hits the hobgoblin.
The hobgoblin is moderately wounded.
Fire: 16 bolts
Press: ? - help, Q - select action, (/) - cycle Shift-Dir - straight line, f/p - hobgoblin
Aim: a hobgoblin (moderately wounded, 67% to hit)
You shoot a bolt. The bolt hits the hobgoblin.
You kill the hobgoblin!
A rat comes into view.
Fire: 15 bolts
Press: ? - help, Q - select action, (/) - cycle Shift-Dir - straight line, f - rat
Aim: a rat (asleep, 98% to hit)
Okay, then.
Throw: 5 boomerangs
Press: ? - help, Shift-Dir - straight line, f - rat
Aim: a rat (asleep, 98% to hit)
You throw a boomerang. The boomerang hits the rat.
You kill the rat!
l - a scroll labelled CIAXUU TYOT
Found a stone staircase leading up.
m - a fuming pink potion You open the door.
Found a faded altar of an unknown god.
There is an open door here.
There is a faded altar of an unknown god here.
You open the door.
There is an open door here.
There is an open door here.
There is a faded altar of an unknown god here.
You cannot tell which god this altar belongs to.
Convert to them anyway?
Lugonu accepts your prayer! Lugonu welcomes you!
You can now depart the Abyss.
You can now bend space around yourself.
Are you sure you want to abandon this character and quit the game? (Confirm with "yes".)

.#..#.#....##.#######.#
.....∩.†.#.##.#######.#
....#.##.#.##......##.#
.#.##......##..8.8.##.#
...#####.#.##..#'#...
.#.#####.#.....#.#...
.#...........###.###.
.#.#####.##..#8...8#
....... #..#..@..#
.#.#### ##.#8...8#
.#... .###.###. ######
.. #.# .. ...#'#.#
#..8.8.# #......#
########


There were no monsters in sight!

Vanquished Creatures
  An adder (D:2)
  A worm (D:2)
  3 dart slugs
  3 ball pythons (D:2)
  4 endoplasms
  3 giant cockroaches
  3 goblins
  10 hobgoblins
  2 quokkas (D:1)
  2 bats (D:1)
  A frilled lizard (D:2)
  4 rats
37 creatures vanquished.

Notes
Turn   | Place    | Note
-------+----------+-------------------------------------------
     0 | D:1      | zap2161 the Kobold Hunter began the quest for the Orb.
     0 | D:1      | Reached XP level 1. HP: 12/12 MP: 1/1
   140 | D:1      | Reached XP level 2. HP: 13/17 MP: 2/2
   296 | D:1      | Reached skill level 5 in Crossbows
   805 | D:1      | Reached XP level 3. HP: 22/22 MP: 3/3
  1441 | D:2      | Found Lotorhos's Jewellery Boutique.
  1505 | D:2      | Reached skill level 1 in Short Blades
  1841 | D:2      | Reached XP level 4. HP: 26/27 MP: 4/4
  2342 | D:2      | Found a faded altar of an unknown god.
  2358 | D:2      | Prayed at the altar of an unknown god.
  2358 | D:2      | Became a worshipper of Lugonu the Unformed
  2358 | D:2      | Reached * piety under Lugonu
  2358 | D:2      | Reached ** piety under Lugonu
  2359 | D:2      | Quit the game

Illustrated notes

Levels and vault maps discovered:
D:1:      minmay_arrival_five_plusses, layout_basic, minmay_tetromino_s2
D:2:      layout_basic, dreamdust_ecumenical_altar_angels_and_demons,
          serial_shops, nicolae_shop_crystal, minmay_surrounded

Skill      XL: |  1  2  3 |
---------------+----------+-----
Crossbows      | 5 |  5.3
Stealth        | 2 |  2.8
Dodging        | 3 |  3.2
Short Blades   | 1 |  1.4
Fighting       | |  2.5

Action                   |  1- 3 |  4- 6 || total
-------------------------+-------+-------++-------
Melee: Short sword       |    71 |     2 ||    73
       Punch             |     1 |       ||     1
 Fire: Hand crossbow     |    27 |     9 ||    36
Throw: Boomerang         |       |     3 ||     3
 Stab: Sleeping          |     3 |     1 ||     4
       Distracted        |     1 |       ||     1
Armor: Leather armour    |    10 |       ||    10
Dodge: Dodged            |    55 |       ||    55

Table legend: (Time is in decaauts)
 A = Elapsed time spent in this place.
 B = Non-inter-level travel time spent in this place.
 C = Inter-level travel time spent in this place.
 D = Time resting spent in this place.
 E = Time spent auto-exploring this place.
 F = Levels seen in this place.
 G = Mean time per level.
                   A        B        C        D        E       F      G
               +--------+--------+--------+--------+--------+-----+--------+
         Total |   2357 |   2357 |      0 |      0 |   1760 |   2 | 1178.5 |
       Dungeon |   2357 |   2357 |      0 |      0 |   1760 |   2 | 1178.5 |
               +--------+--------+--------+--------+--------+-----+--------+

Top non-repeatable levels by time:
     D:1: 1287 daAuts
     D:2: 1070 daAuts
